 Dungeon Crawl Stone Soup version 0.29-a0-317-gd16b76e6b1 (webtiles) character file.

Game seed: 7187685903107234079

54 GordonOverkill the Shooter (level 3, -4/21 HPs)
             Began as a Deep Elf Hunter on Apr 1, 2022.
             Slain by a black bear (6 damage)
             ... on level 2 of the Dungeon.
             The game lasted 00:03:28 (2149 turns).

GordonOverkill the Shooter (Deep Elf Hunter)        Turns: 2149, Time: 00:03:29

Health: -4/21      AC:  7    Str: 10    XL:     3   Next: 66%
Magic:  5/5        EV: 11    Int: 13    God:
Gold:   128        SH:  0    Dex: 18    Spells: 2/2 levels left

rFire   . . .      SeeInvis .   a - +2 shortbow (venom)
rCold   . . .      Faith    .   (shield currently unavailable)
rNeg    . . .      Spirit   .   k - +0 ring mail
rPois   .          Reflect  .   g - +0 helmet
rElec   .          Harm     .   (no cloak)
rCorr   .          Rampage  .   (no gloves)
Will    .....                   q - +0 pair of boots
Stlth   +.........              (no amulet)
HPRegen 0.07/turn               (no ring)
MPRegen 0.09/turn               (no ring)

@: no status effects
A: no striking features
a: no special abilities


You were on level 2 of the Dungeon.
You visited 1 branch of the dungeon, and saw 3 of its levels.

You collected 128 gold pieces.

Inventory:

Hand Weapons
 a - a +2 shortbow of venom (weapon)
Armour
 g - a +0 helmet (worn)
 k - a +0 ring mail (worn)
 q - a +0 pair of boots (worn)
Scrolls
 b - a scroll of identify
 c - 2 scrolls of immolation
 n - a scroll of holy word {unknown}
 r - a scroll of blinking {unknown}
Potions
 d - 2 potions of cancellation
 e - a potion of curing
 f - 2 potions of resistance {unknown}
 h - 2 potions of flight {unknown}
 i - a potion of magic {unknown}
 l - a potion of lignification {unknown}
 o - a potion of mutation {unknown}


   Skills:
 + Level 2.2 Fighting
 * Level 6.6 Bows
 - Level 2.4 Dodging
 - Level 1.2 Stealth


You had 2 spell levels left.
You didn't know any spells.
Your spell library contained the following spells:

 Spells                   Type           Power      Damage    Failure   Level
 Confusing Touch          Hex            0%         N/A       94%         3
 Yara's Violent Unravell  Hex/Tmut       0%         3d3       100%        5
 Enfeeble                 Hex            0%         N/A       100%        7


Dungeon Overview and Level Annotations

Branches:
Dungeon (3/15)

Altars:

Annotations:
D:2 Sigmund


Message History

Aim: a black bear (lightly wounded, 73% to hit)
You shoot an arrow.
The arrow closely misses the black bear.
The black bear closely misses you. The black bear completely misses you.
The black bear barely misses you.
Shoot: a) +2 shortbow (venom)
Press: ? - help, Q - select action Shift-Dir - straight line, f/p - black bear
Aim: a black bear (lightly wounded, 73% to hit)
You shoot an arrow. The arrow hits the black bear!
The black bear is poisoned.
The black bear is heavily wounded.
The black bear closely misses you. The black bear claws you. x2
The black bear bites you.
The black bear claws you but does no damage.
The black bear barely misses you.
Shoot: a) +2 shortbow (venom)
Press: ? - help, Q - select action Shift-Dir - straight line, f/p - black bear
Aim: a black bear (heavily wounded, very poisoned, 73% to hit)
You shoot an arrow.
The arrow closely misses the black bear.
The black bear bites you.
* * * LOW HITPOINT WARNING * * *
The black bear claws you.
* * * LOW HITPOINT WARNING * * *
The black bear barely misses you.
Shoot: a) +2 shortbow (venom)
Press: ? - help, Q - select action Shift-Dir - straight line, f/p - black bear
Aim: a black bear (heavily wounded, very poisoned, 73% to hit)
You shoot an arrow. The arrow hits the black bear.
The black bear looks as sick as possible!
The black bear is heavily wounded.
The black bear goes berserk!
Unknown command.
Okay, then.
The black bear attacks as you move away!
The black bear bites you.
* * * LOW HITPOINT WARNING * * *
The black bear claws you.
* * * LOW HITPOINT WARNING * * *
The black bear claws you.
You die...

.....# #####.##### #.##.##
####.####.........# #......
...)...##.###.###.# ##.##.##
####.#.#...##.# #.# ##...#.##
#.....#....# #.# #....#.##
###.#...##.# #.# ##......##
#.##.###.# #.# #..###..##
######.##.###.###.## ###..# #....
......(....##.##@..###....###..##
.#####.##..##..h...............#
.# #.##..#####...###........##
.## #.....# ##.## ###......#
..########.# ##...## #....###
........<).# ##.....## ##.#.#
..########.# #.......####.#.# .##
#.# #.........##.#.# .#
#.###..........#.#.#


You could see a black bear (berserk, extremely poisoned).

Vanquished Creatures
  2 dart slugs
  5 ball pythons
  6 bats
  5 endoplasms
  7 goblins
  6 hobgoblins
  A jackal (D:1)
  A quokka (D:2)
  A frilled lizard (D:1)
  6 kobolds
  A rat (D:1)
41 creatures vanquished.

Vanquished Creatures (others)
  2 plants (D:1)
2 creatures vanquished.

Grand Total: 43 creatures vanquished

Notes
Turn   | Place    | Note
-------+----------+-------------------------------------------
     0 | D:1      | GordonOverkill the Deep Elf Hunter began the quest for the
                  | Orb.
     0 | D:1      | Reached XP level 1. HP: 12/12 MP: 3/3
   183 | D:1      | Reached XP level 2. HP: 17/17 MP: 4/4
   548 | D:1      | Reached skill level 6 in Bows
   907 | D:1      | Reached XP level 3. HP: 21/21 MP: 5/5
  1515 | D:2      | Found a faded altar of an unknown god.
  1538 | D:2      | Noticed Sigmund
  2042 | D:3      | Noticed a black bear
  2149 | D:2      | Slain by a black bear

Illustrated notes

Levels and vault maps discovered:
D:1:      nagdon_arrival_double_spiral, layout_basic, serial_bayou_lagoon_a,
          minivault_27, minmay_liquid_box, minmay_ruptured
D:2:      layout_loops_ring, hellmonk_ecumenical_altar_crossroads,
          minmay_misc_feat_x, kennysheep_generic_room_9, uniq_sigmund
D:3:      layout_loops_ring, hangedman_decor_lopped, roderic_serpentine_path,
          kennysheep_generic_room_16

Skill      XL: |  1  2 |
---------------+-------+-----
Bows           | 6 |  6.6
Fighting       | 2 |  2.2
Dodging        | |  2.4
Stealth        | |  1.2

Action                   || total
-------------------------++-------
 Fire: Shortbow          ||   111
  Use: Scroll            ||     6
       Potion            ||     3
Armor: Leather armour    ||     6
       Ring mail         ||    18
Dodge: Dodged            ||    34

Table legend: (Time is in decaauts)
 A = Elapsed time spent in this place.
 B = Non-inter-level travel time spent in this place.
 C = Inter-level travel time spent in this place.
 D = Time resting spent in this place.
 E = Time spent auto-exploring this place.
 F = Levels seen in this place.
 G = Mean time per level.
                   A        B        C        D        E       F      G
               +--------+--------+--------+--------+--------+-----+--------+
         Total |   2190 |   2139 |     51 |    443 |   1365 |   3 |  730.0 |
       Dungeon |   2190 |   2139 |     51 |    443 |   1365 |   3 |  730.0 |
               +--------+--------+--------+--------+--------+-----+--------+

Top non-repeatable levels by time:
     D:1: 1104 daAuts
     D:2: 1068 daAuts
     D:3: 16 daAuts
